 Dungeon Crawl Stone Soup version 0.23-a0-577-g2b1de94 (webtiles) character file.

55685 gruber the Martial Artist (level 14, -1/109 HPs)
             Began as a Gnoll Transmuter on Dec 15, 2018.
             Was a High Priest of Okawaru.
             Slain by a shock serpent (glowing shapeshifter) (13 damage)
             ... on level 13 of the Dungeon on Dec 16, 2018.
             The game lasted 01:07:05 (21182 turns).

gruber the Martial Artist (Gnoll Transmuter)       Turns: 21182, Time: 01:07:09

Health: -1/109     AC:  2    Str: 12    XL:     14   Next: 78%
Magic:  21/28      EV: 40    Int: 24    God:    Okawaru [*****.]
Gold:   1143       SH:  0    Dex: 22    Spells: 12/34 levels left

rFire    . . .     SeeInvis .     - Unarmed
rCold    . . .     Gourm    .   (shield currently unavailable)
rNeg     . . .     Faith    .   (armour currently unavailable)
rPois    x         Spirit   .   (helmet currently unavailable)
rElec    .         Reflect  .   (cloak currently unavailable)
rCorr    .         Harm     .   (gloves currently unavailable)
MR       +....                  (boots currently unavailable)
Stlth    ++++++....             (no amulet)
HPRegen  0.28/turn              r - +4 ring of intelligence
MPRegen  0.21/turn              o - +3 ring of evasion

@: lethally poisoned (-1 -> -60), spider-form, heroism, finesse, slowed, very
slow
A: tiny, distributed training, strong nose
a: End Transformation, Heroism, Finesse, Renounce Religion


You were on level 13 of the Dungeon.
You worshipped Okawaru.
Okawaru was extremely pleased with you.
You were not hungry.
You were a venomous arachnid creature.
You visited 2 branches of the dungeon, and saw 19 of its levels.
You also visited: Bailey.

You collected 1374 gold pieces.
You spent 231 gold pieces at shops.

Inventory:

Hand Weapons
 P - a +6 long sword of slicing (melded)
Missiles
 a - 252 arrows
Armour
 e - the +4 ring mail of the Constellations {rC+ rN+}
   (You found it on level 6 of the Lair of Beasts)

   It protects you from cold.
   It protects you from negative energy.
 f - the +3 pair of boots of Taicueru (melded) {Regen+ Dex+4}
   (You acquired it on level 6 of the Lair of Beasts)

   It affects your dexterity (+4).
   It increases your rate of regeneration.
 B - the +0 hat "Kaifayth" (melded) {rF++ Str+5}
   (You acquired it on level 11 of the Dungeon)

   It affects your strength (+5).
   It greatly protects you from fire.
 E - a +0 helmet of see invisible
 I - a +0 troll leather armour (melded)
 K - a +2 buckler (melded)
 R - a +1 pair of gloves of dexterity (melded)
 X - a scarf of repulsion (melded)
Jewellery
 o - a +3 ring of evasion (right front leg)
 r - a +4 ring of intelligence (left front leg)
 z - an uncursed ring of wizardry
 L - an uncursed ring of stealth
Wands
 b - a wand of iceblast (20)
 h - a wand of acid (25)
 v - a wand of flame (37)
 w - a wand of random effects (45)
 G - a wand of paralysis (4)
 O - a wand of digging (7)
 S - a wand of scattershot (1)
 T - a wand of polymorph (19)
 Z - a wand of disintegration (22)
Scrolls
 g - 2 scrolls of fear {unknown}
 i - 4 scrolls of remove curse
 j - 4 scrolls of teleportation
 l - 8 scrolls of enchant armour
 m - 6 scrolls of amnesia {unknown}
 q - 3 scrolls of random uselessness {unknown}
 s - 2 scrolls of fog {unknown}
 x - a scroll of noise {unknown}
 y - a scroll of magic mapping
 J - a scroll of blinking
 N - 3 scrolls of enchant weapon
 U - a scroll of silence {unknown}
 Y - a scroll of summoning {unknown}
Potions
 c - 5 potions of might
 k - 3 potions of resistance
 n - 2 potions of flight
 p - 5 potions of brilliance
 u - a potion of magic
 A - 2 potions of ambrosia
 C - 5 potions of haste
 D - 4 potions of curing
 F - a potion of cancellation
 H - 3 potions of agility {unknown}
 Q - 3 potions of heal wounds
Miscellaneous
 t - a lightning rod (4/4)
Comestibles
 d - 39 rations
 M - 2 chunks of flesh


   Skills:
 + Level 9.7(14.7) Fighting
 + Level 9.3(14.3) Short Blades
 + Level 9.3(14.3) Long Blades
 + Level 9.3(14.3) Axes
 + Level 9.3(14.3) Maces & Flails
 + Level 9.3(14.3) Polearms
 + Level 9.3(14.3) Staves
 + Level 9.3(14.3) Slings
 + Level 9.3(14.3) Bows
 + Level 9.3(14.3) Crossbows
 + Level 9.3(14.3) Throwing
 + Level 9.3(14.3) Armour
 + Level 10.4(15.4) Dodging
 + Level 9.3(14.3) Stealth
 + Level 9.3(14.3) Shields
 + Level 11.2(16.2) Unarmed Combat
 + Level 10.5 Spellcasting
 + Level 7.8 Conjurations
 + Level 7.8 Hexes
 + Level 7.8 Charms
 + Level 7.8 Summonings
 + Level 7.8 Necromancy
 + Level 7.8 Translocations
 + Level 8.8 Transmutations
 + Level 7.8 Fire Magic
 + Level 7.8 Ice Magic
 + Level 7.8 Air Magic
 + Level 7.8 Earth Magic
 + Level 7.8 Poison Magic
 + Level 10.1 Invocations
 + Level 9.3 Evocations


You had 12 spell levels left.
You knew the following spells:

 Your Spells              Type           Power        Failure   Level  Hunger
a - Beastly Appendage     Tmut           ######       1%          1    None
b - Sticks to Snakes      Tmut           ######..     2%          2    None
c - Spider Form           Tmut/Pois      ######....   3%          3    None
d - Ice Form              Ice/Tmut       ######..     7%          4    None
e - Blink                 Tloc           N/A          2%          2    None
f - Summon Ice Beast      Ice/Summ       ######..     8%          4    None
g - Statue Form           Tmut/Erth      ######...    47%         6    #####..

Your spell library contained the following spells:

 Spells                   Type           Power        Failure   Level  Hunger
 Confusing Touch          Hex            ######       2%          1    None
 Magic Dart               Conj           ####         2%          1    None
 Sandblast                Erth           ######       2%          1    None
 Summon Small Mammal      Summ           ####         2%          1    None
 Call Imp                 Summ           ######..     2%          2    None
 Ensorcelled Hibernation  Hex/Ice        ######       2%          2    None
 Passwall                 Tmut/Erth      ######..     2%          2    None
 Slow                     Hex            ######..     2%          2    None
 Throw Flame              Conj/Fire      ######       2%          2    None
 Call Canine Familiar     Summ           ######..     4%          3    None
 Confuse                  Hex            ######..     4%          3    None
 Conjure Flame            Conj/Fire      ######..     4%          3    None
 Gell's Gravitas          Tloc           ######....   4%          3    None
 Mephitic Cloud           Conj/Pois/Air  ######..     4%          3    None
 Portal Projectile        Hex/Tloc       ######       4%          3    None
 Stone Arrow              Conj/Erth      ######       4%          3    None
 Summon Guardian Golem    Hex/Summ       ######..     4%          3    None
 Tukima's Dance           Hex            ######..     4%          3    None
 Petrify                  Tmut/Erth      ######..     7%          4    None
 Summon Lightning Spire   Summ/Air       ######..     8%          4    None
 Blade Hands              Tmut           ######....   12%         5    ####...
 Yara's Violent Unravell  Hex/Tmut       ######....   14%         5    ####...
 Lee's Rapid Deconstruct  Erth           ######....   16%         5    ####...
 Metabolic Englaciation   Hex/Ice        ######....   16%         5    ####...
 Bolt of Fire             Conj/Fire      ######....   52%         6    #####..


Dungeon Overview and Level Annotations

Branches:
Dungeon (13/15)            Temple (0/1) D:7            Lair (6/6) D:9
 Shoals (0/4) Lair:3        Snake (0/4) Lair:3        Slime (0/5) Lair:5
    Orc (0/2) D:10
 Vaults: D:13-14

Altars:
Dithmenos
Kikubaaqudgha
Nemelex Xobeh
Okawaru
Ru
Vehumet
Wu Jian
Xom
Yredelemnul
Beogh

Shops:
D:6 !   D:12 !   D:13 :

Annotations:
D:6 2 transporters, Menkaure
Lair:1 1 runed door, NorthaanB's ghost, journeyman FoFi
Lair:4 exclusion: 2 oklob plants


Innate Abilities, Weirdness & Mutations

Your experience applies equally to all skills.
((You have very sharp teeth.))
Your uncanny sense of smell can sniff out nearby items.


Message History

You can now deal lightning-fast blows.
You feel extremely sick. The wraith completely misses you. x2
Unknown command.
Unknown command.
You completely miss the wraith.
The wraith is heavily damaged.
You feel very sick.
You maul the wraith!!
You destroy the wraith!
Okawaru accepts your kill.
* * * LOW HITPOINT WARNING * * *
You feel very sick.
You barely miss the shock serpent.
* * * LOW HITPOINT WARNING * * *
You feel very sick. The shock serpent bites you!
* * * LOW HITPOINT WARNING * * *
The shock serpent shocks you!
You die...

#...# ...#....# #...#
#.#....## #...#
#.......# #...#
#.......# #...####
#.......# ##.. ..#
#........# ..#. #$#
###.#...##.#
.##..##.#######..)...##
.#
..........Ss.#..)...#
.#
..#.#.#..####........#
.# c........#
###.....#...)
..###.#.W# #.....#.##.
#....# ###.### # #c#.##
#.# ........# #..
........# ####
........#


You could see a shock serpent shaped shifter.

Vanquished Creatures
  Gastronok (Lair:1)
  Kirke (Lair:6)
  Azrael (D:13)
  A hydra (Lair:2)
  A centaur warrior (D:13)
  2 two-headed ogres
  A death yak (Lair:3)
  A tengu warrior (D:11)
  Urug (Lair:1)
  3 unseen horrors
  4 orc knights
  A deep elf mage (D:12)
  An ugly thing (D:12)
  2 cyclopes
  Maurice (D:8)
  A centaur zombie (D:12)
  An ice statue (D:12)
  2 black mambas
  A gargoyle (D:11)
  A torpor snail (Lair:3)
  11 spiny frogs
  A freezing wraith (D:10)
  4 komodo dragons
  2 kobold demonologists (D:12)
  A troll (D:10)
  2 tyrant leeches (D:12)
  3 polar bears
  3 dream sheep
  A slime creature (Lair:5)
  5 hornets
  12 blink frogs
  6 hippogriffs
  A wraith (D:13)
  52 yaks
  A shadow (D:13)
  3 wyverns
  12 spriggans (Lair:6)
  A water elemental (D:12)
  2 vampires (D:12)
  A basilisk (Lair:4)
  3 fire elementals (D:13)
  A human (Lair:6)
  3 hungry ghosts
  3 hogs (Lair:6)
  Grum (Lair:1)
  8 vampire mosquitoes
  4 nagas (Lair:3)
  6 water moccasins
  12 porcupines
  2 hell hounds (D:13)
  Duvessa (D:5)
  14 ice beasts
  5 black bears (Lair:6)
  3 sky beasts
  10 orc warriors
  2 eyes of draining
  3 phantoms
  5 ogres
  21 wolves
  4 boggarts (Lair:6)
  3 centaurs
  8 crocodiles
  5 big kobolds
  15 bullfrogs
  Dowan (D:5)
  A wyvern skeleton (D:9)
  4 scorpions
  14 killer bees
  2 electric eels
  4 howler monkeys
  2 bullfrog zombies
  5 crimson imps
  10 jellies
  A gnoll shaman (D:4)
  8 orc priests
  Crazy Yiuf (D:4)
  5 centaur skeletons
  3 bullfrog skeletons
  5 hounds
  2 iguanas
  Natasha (thrice) (D:4)
  16 orc wizards
  9 worker ants
  A hound zombie (D:5)
  4 hound skeletons
  A howler monkey zombie (D:6)
  10 gnolls
  2 worker ant zombies
  18 adders
  6 shadow imps
  An adder zombie (D:6)
  An adder skeleton (D:6)
  4 worms
  2 dart slugs
  5 leopard geckos
  57 orcs
  3 bats
  4 giant cockroaches
  3 hobgoblins
  4 jackals (D:11)
  24 kobolds
  5 quokkas
  2 ball pythons
  2 frilled lizards
  10 goblins
  5 rats
  A bush (D:5)
  A plant (Lair:3)
566 creatures vanquished.

Vanquished Creatures (collateral kills)
  2 hydras
  5 dream sheep
  2 blink frogs (Lair:5)
  A spriggan (Lair:6)
  A hog (Lair:6)
  A yak (Lair:1)
  A black bear (Lair:6)
  An ogre (D:7)
  A wolf (Lair:6)
  3 electric eels (D:12)
  A bullfrog skeleton (D:12)
  An adder (D:9)
  A fungus (Lair:6)
21 creatures vanquished.

Vanquished Creatures (others)
  A human (Lair:6)
  2 bushes (Lair:4)
  12 fungi
  13 plants
28 creatures vanquished.

Grand Total: 615 creatures vanquished

Notes
Turn   | Place    | Note
-------+----------+-------------------------------------------
     0 | D:1      | gruber the Gnoll Transmuter began the quest for the Orb.
     0 | D:1      | Reached XP level 1. HP: 17/17 MP: 6/6
   112 | D:1      | Reached XP level 2. HP: 19/23 MP: 5/7
   498 | D:2      | Reached skill level 5 in Spellcasting
   498 | D:2      | Reached XP level 3. HP: 20/28 MP: 6/9
   534 | D:2      | Reached skill level 1 in Invocations
   830 | D:2      | Found an iron altar of Okawaru.
   865 | D:2      | Became a worshipper of Warmaster Okawaru
   995 | D:2      | Reached skill level 1 in Short Blades
   995 | D:2      | Reached skill level 1 in Long Blades
   995 | D:2      | Reached skill level 1 in Axes
   995 | D:2      | Reached skill level 1 in Maces & Flails
   995 | D:2      | Reached skill level 1 in Polearms
   995 | D:2      | Reached skill level 1 in Staves
   995 | D:2      | Reached skill level 1 in Slings
   995 | D:2      | Reached skill level 1 in Bows
   995 | D:2      | Reached skill level 1 in Crossbows
   995 | D:2      | Reached skill level 1 in Throwing
   995 | D:2      | Reached skill level 1 in Armour
   995 | D:2      | Reached skill level 1 in Stealth
   995 | D:2      | Reached skill level 1 in Shields
   995 | D:2      | Reached skill level 1 in Evocations
   995 | D:2      | Reached XP level 4. HP: 21/34 MP: 11/11
   999 | D:2      | Learned a level 2 spell: Sticks to Snakes
  1003 | D:2      | Learned a level 3 spell: Spider Form
  1464 | D:3      | Reached skill level 1 in Conjurations
  1464 | D:3      | Reached skill level 1 in Hexes
  1464 | D:3      | Reached skill level 1 in Charms
  1464 | D:3      | Reached skill level 1 in Summonings
  1464 | D:3      | Reached skill level 1 in Necromancy
  1464 | D:3      | Reached skill level 1 in Translocations
  1464 | D:3      | Reached skill level 1 in Fire Magic
  1464 | D:3      | Reached skill level 1 in Ice Magic
  1464 | D:3      | Reached skill level 1 in Air Magic
  1464 | D:3      | Reached skill level 1 in Earth Magic
  1464 | D:3      | Reached skill level 1 in Poison Magic
  1584 | D:3      | Reached XP level 5. HP: 38/40 MP: 10/12
  1598 | D:3      | Found an ornate altar of the Wu Jian Council.
  1920 | D:4      | Found a runed door.
  1953 | D:4      | Noticed Natasha
  1957 | D:4      | Killed Natasha
  2233 | D:4      | Noticed Natasha
  2238 | D:4      | Killed Natasha
  2244 | D:4      | Learned a level 4 spell: Ice Form
  2330 | D:4      | Reached * piety under Okawaru
  2330 | D:4      | Reached XP level 6. HP: 47/47 MP: 9/13
  2563 | D:4      | Reached skill level 5 in Dodging
  2629 | D:4      | Noticed Natasha
  2637 | D:4      | Killed Natasha
  2651 | D:4      | Reached XP level 7. HP: 40/52 MP: 10/15
  2925 | D:4      | Noticed Crazy Yiuf
  2933 | D:4      | Killed Crazy Yiuf
  2985 | D:5      | Entered Level 5 of the Dungeon
  3001 | D:5      | Reached skill level 7 in Unarmed Combat
  3037 | D:5      | Found a sparkling altar of Nemelex Xobeh.
  3039 | D:5      | Found a shadowy altar of Dithmenos.
  3051 | D:5      | Reached ** piety under Okawaru
  3158 | D:5      | Noticed Dowan
  3266 | D:5      | Noticed Duvessa
  3286 | D:5      | Killed Duvessa
  3569 | D:5      | Killed Dowan
  3569 | D:5      | Reached XP level 8. HP: 57/60 MP: 13/16
  3955 | D:5      | Found a radiant altar of Vehumet.
  4115 | D:6      | Found Jureide's Distillery.
  4118 | D:6      | Bought a potion of heal wounds for 55 gold pieces
  4118 | D:6      | Bought a potion of curing for 33 gold pieces
  4118 | D:6      | Bought a potion of haste for 110 gold pieces
  4118 | D:6      | Bought a potion of flight for 33 gold pieces
  4440 | D:6      | Reached *** piety under Okawaru
  4452 | D:6      | Received a gift from Okawaru
  4531 | D:6      | Identified the Catalogue of the Blistering Oath
  4708 | D:6      | Reached XP level 9. HP: 66/66 MP: 15/18
  4718 | D:6      | Found a basalt altar of Yredelemnul.
  4718 | D:6      | Found an ancient bone altar of Kikubaaqudgha.
  4718 | D:6      | Noticed Menkaure
  4769 | D:6      | Found a transporter.
  4881 | D:6      | Reached skill level 5 in Transmutations
  4927 | D:6      | Found a transporter.
  5273 | D:7      | Reached skill level 5 in Fighting
  5594 | D:7      | Found a staircase to the Ecumenical Temple.
  5624 | D:7      | Reached **** piety under Okawaru
  5667 | D:7      | Reached skill level 8 in Unarmed Combat
  5921 | D:7      | Reached skill level 5 in Invocations
  6563 | D:8      | Reached XP level 10. HP: 68/74 MP: 15/20
  6816 | D:8      | Noticed Maurice
  6831 | D:8      | Killed Maurice
  6831 | D:8      | Reached skill level 5 in Short Blades
  6831 | D:8      | Reached skill level 5 in Long Blades
  6831 | D:8      | Reached skill level 5 in Axes
  6831 | D:8      | Reached skill level 5 in Maces & Flails
  6831 | D:8      | Reached skill level 5 in Polearms
  6831 | D:8      | Reached skill level 5 in Staves
  6831 | D:8      | Reached skill level 5 in Slings
  6831 | D:8      | Reached skill level 5 in Bows
  6831 | D:8      | Reached skill level 5 in Crossbows
  6831 | D:8      | Reached skill level 5 in Throwing
  6831 | D:8      | Reached skill level 5 in Armour
  6831 | D:8      | Reached skill level 5 in Stealth
  6831 | D:8      | Reached skill level 5 in Shields
  6831 | D:8      | Reached skill level 5 in Evocations
  7381 | D:9      | Reached ***** piety under Okawaru
  7791 | D:9      | Killed an unseen horror
  7817 | D:9      | Found a staircase to the Lair.
  8354 | D:10     | Entered Level 10 of the Dungeon
  8703 | D:10     | Noticed an orc knight
  8733 | D:10     | Received a gift from Okawaru
  8746 | D:10     | Reached XP level 11. HP: 60/82 MP: 20/22
  8787 | D:10     | Killed an orc knight
  8959 | D:10     | Found a staircase to the Orcish Mines.
  8970 | D:10     | Found a roughly hewn altar of Beogh.
  9110 | D:10     | Found a sparkling altar of Nemelex Xobeh.
  9302 | D:10     | Reached skill level 9 in Unarmed Combat
  9344 | D:11     | Identified a scroll of acquirement
  9347 | D:11     | Got a distressingly furry hat
  9350 | D:11     | Found a shimmering altar of Xom.
  9365 | D:11     | Reached skill level 5 in Conjurations
  9365 | D:11     | Reached skill level 5 in Hexes
  9365 | D:11     | Reached skill level 5 in Charms
  9365 | D:11     | Reached skill level 5 in Summonings
  9365 | D:11     | Reached skill level 5 in Necromancy
  9365 | D:11     | Reached skill level 5 in Translocations
  9365 | D:11     | Reached skill level 5 in Fire Magic
  9365 | D:11     | Reached skill level 5 in Ice Magic
  9365 | D:11     | Reached skill level 5 in Air Magic
  9365 | D:11     | Reached skill level 5 in Earth Magic
  9365 | D:11     | Reached skill level 5 in Poison Magic
  9416 | D:11     | Found a flagged portal.
  9419 | D:11     | Noticed a cyclops
  9448 | D:11     | Killed a cyclops
  9448 | D:11     | Received a gift from Okawaru
  9477 | Bailey   | Entered a bailey
  9576 | Bailey   | Noticed an orc knight
  9577 | Bailey   | Noticed an orc knight
  9839 | Bailey   | Killed an orc knight
  9888 | Bailey   | Killed an orc knight
  9893 | Bailey   | Got a pitted crystal plate armour
  9910 | Bailey   | Noticed an orc knight
  9922 | Bailey   | Killed an orc knight
  9941 | Bailey   | Identified the +11 crystal plate armour of Ceycamear {MR+
                  | Str+2} (You found it in a bailey)
  9979 | Bailey   | Identified the +0 hat "Kaifayth" {rF++ Str+5} (You acquired
                  | it on level 11 of the Dungeon)
 10119 | D:11     | Noticed a two-headed ogre
 10199 | D:11     | Killed a two-headed ogre
 10388 | D:11     | Received a gift from Okawaru
 10714 | D:11     | Noticed a tengu warrior
 10727 | D:11     | Killed a tengu warrior
 10727 | D:11     | Reached XP level 12. HP: 55/91 MP: 22/24
 10919 | D:12     | Received a gift from Okawaru
 11080 | D:12     | Noticed a seven-headed hydra
 11178 | Lair:1   | Entered Level 1 of the Lair of Beasts
 11318 | Lair:1   | Found a runed door.
 11318 | Lair:1   | Noticed NorthaanB's ghost (journeyman FoFi)
 11545 | Lair:1   | Noticed Gastronok
 11669 | Lair:1   | Noticed Grum
 11682 | Lair:1   | Killed Grum
 11734 | Lair:1   | Noticed Urug
 11856 | Lair:1   | Killed Urug
 12190 | Lair:1   | Killed Gastronok
 12190 | Lair:1   | Received a gift from Okawaru
 12315 | Lair:2   | Reached ****** piety under Okawaru
 12455 | Lair:2   | Reached skill level 10 in Unarmed Combat
 12544 | Lair:2   | Noticed a four-headed hydra
 12603 | Lair:2   | Killed a four-headed hydra
 12802 | Lair:2   | Reached XP level 13. HP: 98/98 MP: 22/26
 13528 | Lair:3   | Found a staircase to the Snake Pit.
 13669 | Lair:3   | Found a staircase to the Shoals.
 14779 | Lair:4   | Received a gift from Okawaru
 14931 | Lair:4   | Got a polished ring mail
 14932 | Lair:4   | Identified the cursed +1 ring mail of Summertime {MR+} (You
                  | found it on level 4 of the Lair of Beasts)
 16160 | Lair:5   | Found a staircase to the Slime Pits.
 16406 | Lair:5   | Learned a level 2 spell: Blink
 16411 | Lair:5   | Learned a level 4 spell: Summon Ice Beast
 17122 | Lair:6   | Entered Level 6 of the Lair of Beasts
 17140 | Lair:6   | Got a pair of heavily runed boots
 17291 | Lair:6   | Identified the +3 pair of boots of Taicueru {Regen+ Dex+4}
                  | (You acquired it on level 6 of the Lair of Beasts)
 17640 | Lair:6   | Reached skill level 10 in Spellcasting
 17768 | Lair:6   | Received a gift from Okawaru
 17773 | Lair:6   | Reached XP level 14. HP: 38/108 MP: 21/28
 17964 | Lair:6   | Received a gift from Okawaru
 18098 | Lair:6   | Noticed Kirke
 18253 | Lair:6   | Killed Kirke
 18253 | Lair:6   | Reached skill level 10 in Dodging
 18657 | Lair:6   | Reached skill level 11 in Unarmed Combat
 18671 | Lair:6   | Identified the Almanac of Moulding
 18680 | Lair:6   | Learned a level 6 spell: Statue Form
 18688 | Lair:6   | Got a translucent ring mail
 19192 | D:12     | Received a gift from Okawaru
 19503 | D:12     | Found Vanuoq's Distillery.
 19670 | D:12     | Found the +12 Vampire's Tooth {vamp}
 20175 | D:12     | Reached skill level 10 in Invocations
 20459 | D:12     | Noticed a frost giant
 20712 | D:13     | Identified the +4 ring mail of the Constellations {rC+ rN+}
                  | (You found it on level 6 of the Lair of Beasts)
 20736 | D:13     | Found Danigem's Book Boutique.
 20803 | D:13     | Noticed Azrael
 20822 | D:13     | Killed Azrael
 20846 | D:13     | Found a sacrificial altar of Ru.
 21182 | D:13     | Slain by a shock serpent (glowing shapeshifter)

Vault maps used:
D:1:      dpeg_arrival_rooms_with_view, ebering_dispersal_statue_hall
D:2:      okawaru_ov_weapons_minmay
D:3:      lemuel_doored_altar, chequers_serial_rivers_room_b,
          serial_park_tiny_pond
D:4:      uniq_crazy_yiuf_cottage, uniq_natasha
D:5:      gammafunk_temple_overflow_forgotten, first_ration, uniq_duvessa
D:6:      minmay_clustersquares, gammafunk_temple_of_torment, serial_shops,
          nicolae_shop_behind_doors
D:7:      minmay_temple_entry_proselytizer
D:8:      uniq_maurice
D:9:      david_lair_shrubbed
D:10:     minmay_orc_entry_temple_small, basic_altar, grunt_tough_drop
D:11:     enter_bailey_3, basic_altar, grunt_tengu_nest
D:12:     minmay_twisted_water, serial_shops, shop,
          minmay_guarded_unrand_vampires_tooth
D:13:     david_vaults_2, serial_shops, kennysheep_mini_moat, enter_trove_0,
          nicolae_ru_awakened_eye, uniq_josephine, uniq_erolcha, uniq_azrael
Lair:1:   gammafunk_ghost_grave, grunt_megastairs_1, uniq_gastronok, uniq_grum,
          uniq_urug
Lair:3:   elwin_shoals_entry_rocks, minmay_snake_entry_guardpost_small,
          serial_bayou, serial_bayou_pond_d, serial_bayou_pond_e,
          serial_bayou_lagoon_a, serial_bayou_shore_b, serial_bayou_shore_b
Lair:4:   minmay_hedge_maze, minmay_lair_oklob_chamber, lemuel_fruit_fields
Lair:5:   minmay_slime_entry_pillars, grunt_forest_small_clearings
Lair:6:   minmay_lair_end_enchanted_forest, uniq_kirke
Bailey:   bailey_polearm_1, bailey

Skill      XL: |  1  2  3  4  5  6  7  8  9 10 11 12 13 14 |
---------------+-------------------------------------------+-----
Spellcasting   | 5 6 7 8 9 10 | 10.5
Invocations    | 1 2 3 4 5 6 7 8 9 10 | 10.1
Short Blades   | 1 2 3 4 5 6 7 8 9 |  9.3
Long Blades    | 1 2 3 4 5 6 7 8 9 |  9.3
Axes           | 1 2 3 4 5 6 7 8 9 |  9.3
Maces & Flails | 1 2 3 4 5 6 7 8 9 |  9.3
Polearms       | 1 2 3 4 5 6 7 8 9 |  9.3
Staves         | 1 2 3 4 5 6 7 8 9 |  9.3
Slings         | 1 2 3 4 5 6 7 8 9 |  9.3
Bows           | 1 2 3 4 5 6 7 8 9 |  9.3
Crossbows      | 1 2 3 4 5 6 7 8 9 |  9.3
Throwing       | 1 2 3 4 5 6 7 8 9 |  9.3
Armour         | 1 2 3 4 5 6 7 8 9 |  9.3
Stealth        | 1 2 3 4 5 6 7 8 9 |  9.3
Shields        | 1 2 3 4 5 6 7 8 9 |  9.3
Evocations     | 1 2 3 4 5 6 7 8 9 |  9.3
Conjurations   | 1 2 3 4 5 6 7 |  7.8
Hexes          | 1 2 3 4 5 6 7 |  7.8
Charms         | 1 2 3 4 5 6 7 |  7.8
Summonings     | 1 2 3 4 5 6 7 |  7.8
Necromancy     | 1 2 3 4 5 6 7 |  7.8
Translocations | 1 2 3 4 5 6 7 |  7.8
Fire Magic     | 1 2 3 4 5 6 7 |  7.8
Ice Magic      | 1 2 3 4 5 6 7 |  7.8
Air Magic      | 1 2 3 4 5 6 7 |  7.8
Earth Magic    | 1 2 3 4 5 6 7 |  7.8
Poison Magic   | 1 2 3 4 5 6 7 |  7.8
Fighting       | 3 4 5 6 7 8 9 |  9.7
Transmutations | 4 5 6 7 8 |  8.8
Dodging        | 5 6 7 8 9 10 | 10.4
Unarmed Combat | 7 8 9 10 11 | 11.2

Action                   |  1- 3 |  4- 6 |  7- 9 | 10-12 | 13-15 || total
-------------------------+-------+-------+-------+-------+-------++-------
Melee: Unarmed           |    29 |    59 |   308 |   582 |   811 ||  1789
       Dagger            |    46 |    44 |    76 |     1 |       ||   167
       Bite              |     6 |     5 |    12 |     4 |    21 ||    48
       Headbutt          |     2 |     1 |       |       |       ||     3
       Kick              |     2 |     2 |       |       |       ||     4
       Falchion          |     5 |       |       |       |       ||     5
       Punch             |     1 |       |     4 |       |       ||     5
       Long sword        |       |       |       |    10 |    69 ||    79
 Cast: Beastly Appendage |    15 |     8 |       |       |       ||    23
       Spider Form       |       |     8 |    35 |    44 |    43 ||   130
       Ice Form          |       |       |     7 |    11 |    35 ||    53
       Sticks to Snakes  |       |       |     2 |    14 |    23 ||    39
       Summon Ice Beast  |       |       |       |       |    11 ||    11
Invok: Heroism           |       |       |       |     4 |     7 ||    11
       Finesse           |       |       |       |     1 |     3 ||     4
 Abil: End Transformatio |       |       |     1 |     2 |     8 ||    11
Evoke: Wand              |       |       |       |    31 |       ||    31
  Use: Scroll            |     5 |       |     6 |     4 |    13 ||    28
       Potion            |       |       |       |     2 |       ||     2
 Stab: Sleeping          |     2 |     4 |    18 |    14 |    13 ||    51
       Distracted        |       |       |       |     1 |     5 ||     6
       Paralysed         |       |       |       |     1 |       ||     1
  Eat: Chunk             |       |     5 |    16 |    21 |    22 ||    64
       Ration            |       |       |       |       |     2 ||     2
Armor: Robe              |    12 |     7 |    10 |       |       ||    29
       Skin              |       |     2 |    12 |    25 |    36 ||    75
       Troll leather arm |       |       |       |     6 |     9 ||    15
Dodge: Dodged            |    58 |    63 |   273 |   661 |   736 ||  1791
Block: Buckler           |       |       |       |       |    23 ||    23
       Rpst.: Falchion   |     1 |       |       |       |       ||     1
       Long sword        |       |       |       |     4 |    10 ||    14

Table legend:
 A = Non-vault XP
 B = Vault XP
 C = Vault XP percentage of total XP
 D = Non-vault monster count
 E = Vault monster count
 F = Vault count percentage of total count
                 A         B        C        D         E       F
            +---------+---------+-------+---------+---------+-------
      Total |   51913 |   27638 |  34.7 |     440 |     143 |  24.5
            +---------+---------+-------+---------+---------+-------
        D:1 |      21 |       4 |  16.0 |      14 |       2 |  12.5
        D:2 |      83 |       0 |   0.0 |      14 |       0 |   0.0
        D:3 |     108 |       0 |   0.0 |      18 |       0 |   0.0
        D:4 |     433 |      77 |  15.1 |      14 |       2 |  12.5
        D:5 |     536 |     218 |  28.9 |      24 |       2 |   7.7
        D:6 |     628 |     491 |  43.9 |      17 |       8 |  32.0
        D:7 |    1649 |      34 |   2.0 |      44 |       1 |   2.2
        D:8 |     995 |     508 |  33.8 |      24 |       1 |   4.0
        D:9 |    1809 |       0 |   0.0 |      20 |       0 |   0.0
       D:10 |    1675 |    2052 |  55.1 |      24 |      10 |  29.4
       D:11 |    4017 |     876 |  17.9 |      38 |       5 |  11.6
       D:12 |    6428 |    3562 |  35.7 |      37 |      21 |  36.2
       D:13 |    4411 |    2364 |  34.9 |      24 |       7 |  22.6
     Lair:1 |    4082 |    3536 |  46.4 |      23 |       6 |  20.7
     Lair:2 |    4747 |       0 |   0.0 |      17 |       0 |   0.0
     Lair:3 |    3374 |     652 |  16.2 |      15 |       4 |  21.1
     Lair:4 |    6908 |       0 |   0.0 |      32 |       0 |   0.0
     Lair:5 |    4651 |     389 |   7.7 |      22 |       4 |  15.4
     Lair:6 |    5358 |   10211 |  65.6 |      19 |      51 |  72.9
     Bailey |       0 |    2664 | 100.0 |       0 |      19 | 100.0
            +---------+---------+-------+---------+---------+-------
